 Dungeon Crawl Stone Soup version 0.30.1-11-g7821555f0a (webtiles) character file.

Game seed: 16947470494830511006

181 PaiMei the Trooper (level 5, 0/47 HPs)
             Began as a Hill Orc Fighter on Jan 13, 2024.
             Slain by a killer bee (3 damage)
             ... on level 4 of the Dungeon.
             The game lasted 00:03:45 (2777 turns).

PaiMei the Trooper (Hill Orc Fighter)               Turns: 2777, Time: 00:03:46

Health: 0/47       AC:  7    Str: 21    XL:     5   Next: 61%
Magic:  5/5        EV:  9    Int:  8    God:
Gold:   105        SH:  4    Dex: 10    Spells: 4/4 levels left

rFire   . . .        a - +0 war axe
rCold   . . .        c - +0 buckler
rNeg    . . .        b - +0 scale mail
rPois   .            (no helmet)
rElec   .            (no cloak)
rCorr   .            (no gloves)
SInv    .            (no boots)
Will    .....        (no amulet) Stlth
                     (no ring)
HPRegen 0.27/turn    (no ring)
MPRegen 0.09/turn

%: no passive effects
@: lethally poisoned (0 -> -5)
A: no striking features
a: no special abilities


You were on level 4 of the Dungeon.
You visited 1 branch of the dungeon, and saw 4 of its levels.

You collected 105 gold pieces.

Inventory:

Hand Weapons
 a - a +0 war axe (weapon)
Missiles
 s - 4 poisoned darts (quivered)
Armour
 b - a +0 scale mail (worn)
 c - a +0 buckler (worn)
Jewellery
 o - the ring "Lasyd" {rPois rF+ Str-4 Dex+3 SInv}
   (You found it on level 2 of the Dungeon)

   [ring of protection from fire]

   Str:       It affects your strength (-4).
   Dex:       It affects your dexterity (+3).
   rF:        It protects you from fire.
   rPois:     It protects you from poison.
   SInv:      It lets you see invisible.
Wands
 x - a wand of flame (23)
Scrolls
 e - 2 scrolls of vulnerability {unknown}
 f - 2 scrolls of enchant weapon {unknown}
 g - 2 scrolls of torment {unknown}
 h - 4 scrolls of identify {unknown}
 j - a scroll of blinking {unknown}
 l - a scroll of immolation {unknown}
 n - a scroll of noise {unknown}
 u - a scroll of amnesia {unknown}
 w - a scroll of butterflies {unknown}
Potions
 d - 2 potions of might
 i - 3 potions of lignification {unknown}
 k - a potion of invisibility {unknown}
 m - a potion of cancellation {unknown}
 p - a potion of resistance {unknown}
 q - 2 potions of curing {unknown}
 r - a potion of heal wounds {unknown}
 t - a potion of mutation {unknown}
 v - a potion of ambrosia {unknown}


   Skills:
 + Level 4.8 Fighting
 + Level 4.5 Axes
 + Level 4.3 Armour
 + Level 4.3 Shields


You had 4 spell levels left.
You didn't know any spells.
Your spell library contained the following spells:

 Spells                   Type           Power      Damage    Failure   Level
 Sting                    Tmut/Pois      0%         1d3       80%         1
 Cigotuvi's Dreadful Rot  Necr/Pois/Air  0%         N/A       91%         2
 Poisonous Vapours        Pois/Air       0%         N/A       91%         2
 Ignite Poison            Fire/Tmut/Pois 0%         N/A       99%         3
 Olgreb's Toxic Radiance  Pois           0%         N/A       100%        4
 Freezing Cloud           Conj/Ice/Air   0%         6-21      100%        5


Dungeon Overview and Level Annotations

Branches:
Dungeon (4/15)
 Temple: D:4-7

Altars:
Hepliaklqana
Yredelemnul

Annotations:
D:3 1 runed translucent door, Crazy Yiuf


Message History

You miss the killer bee. You closely miss the killer bee.
You feel sick.
The killer bee stings you but does no damage.
You block the killer bee's attack. The killer bee barely misses you. x3
The killer bee stings you.
You barely miss the killer bee. x2; You feel sick.
The killer bee barely misses you.
The killer bee stings you but does no damage.
The killer bee stings you. The killer bee barely misses you.
You miss the killer bee. You closely miss the killer bee.
You feel sick. The killer bee stings you.
You are more poisoned.
The killer bee poisons you! The killer bee stings you.
You are more poisoned.
The killer bee poisons you! You block the killer bee's attack.
The killer bee stings you but does no damage.
The killer bee stings you.
* * * LOW HITPOINT WARNING * * *
The killer bee stings you but does no damage.
You closely miss the killer bee. You miss the killer bee.
* * * LOW HITPOINT WARNING * * *
You feel very sick. The killer bee completely misses you.
You block the killer bee's attack. The killer bee barely misses you.
The killer bee completely misses you. You block the killer bee's attack.
The killer bee stings you.
* * * LOW HITPOINT WARNING * * *
You closely miss the killer bee. x2
* * * LOW HITPOINT WARNING * * *
You feel very sick.
The killer bee stings you but does no damage. x2
A killer bee comes into view.
You block the killer bee's attack.
The killer bee stings you but does no damage.
The killer bee buzzes angrily.
You slash the killer bee!
The killer bee is heavily wounded.
You closely miss the killer bee.
* * * LOW HITPOINT WARNING * * *
You feel very sick. You block the killer bee's attack.
The killer bee stings you.
You die...

#........ .......
...y..............
........##...........
.....................
....................
#.............###
#.##..........(.. ..
##.y.........# #.
##@......#..# #..
#.y.........##
....####...)........
....#..........##.##
...............#
..(............# #
...............## ..
................##...
....................#


You could see 3 killer bees.

Vanquished Creatures
  An orc priest (D:3)
  Terence (D:3)
  An orc wizard (D:3)
  2 adders
  2 worms (D:3)
  2 dart slugs
  4 orcs (D:3)
  2 endoplasms
  7 goblins
  9 hobgoblins
  4 jackals (D:3)
  11 kobolds
  4 quokkas
  4 ball pythons
  9 bats
  3 frilled lizards
  6 rats
72 creatures vanquished.

Notes
Turn   | Place    | Note
-------+----------+-------------------------------------------
     0 | D:1      | PaiMei the Hill Orc Fighter began the quest for the Orb.
     0 | D:1      | Reached XP level 1. HP: 19/19 MP: 1/1
   277 | D:1      | Reached XP level 2. HP: 27/27 MP: 2/2
   902 | D:2      | Reached XP level 3. HP: 33/33 MP: 3/3
   984 | D:2      | Found a basalt altar of Yredelemnul.
  1115 | D:2      | Found a faded altar of an unknown god.
  1194 | D:2      | Identified the ring "Lasyd" {rPois rF+ Str-4 Dex+3 SInv}
  1804 | D:3      | Reached XP level 4. HP: 27/41 MP: 4/4
  2210 | D:3      | Reached XP level 5. HP: 47/47 MP: 5/5
  2233 | D:3      | Found a runed translucent door.
  2234 | D:3      | Noticed Crazy Yiuf
  2301 | D:3      | Noticed Terence
  2310 | D:3      | Killed Terence
  2369 | D:3      | Identified the +0 ring mail of Zimmiuf {-Tele rPois Str-4
                  | Dex+5}
  2481 | D:3      | Found a hazy altar of Hepliaklqana.
  2777 | D:4      | Slain by a killer bee

Illustrated notes

Levels and vault maps discovered:
D:1:      lightli_arrival_quake, layout_basic, hangedman_glass_teeth,
          minivault_19
D:2:      layout_loops_corners, basic_altar, basic_ecumenical_altar,
          st_stairs_12
D:3:      kennysheep_six_static_rooms, layout_basic,
          worldfamousw_hep_ancestral_shrine, uniq_crazy_yiuf_cottage,
          uniq_terence
D:4:      layout_cave_pools, serial_shops, nicolae_shop_just_a_little_nook,
          minmay_checkerbox

Skill      XL: |  1  2  3  4 |
---------------+-------------+-----
Axes           | 3 4 |  4.5
Fighting       | 4 |  4.8
Shields        | 4 |  4.3
Armour         | 4 |  4.3

Action                     |  1- 3 |  4- 6 || total
---------------------------+-------+-------++-------
  Melee: War axe           |   128 |    64 ||   192
 Armour: Scale mail        |    61 |    27 ||    88
  Dodge: Dodged            |    60 |    61 ||   121
  Block: Buckler           |    32 |    26 ||    58
